 Dungeon Crawl Stone Soup version 0.11-a0-1885-g4d84f68 (console) character file.

3564 vogonpoet the Basher (level 10, -4/69 HPs)
             Began as a Human Hunter on May 18, 2012.
             Was a Believer of Ashenzari.
             Killed by the air
             ... invoked by Gastronok
              (30 damage)
             ... on Level 8 of the Dungeon.
             The game lasted 00:45:25 (9531 turns).

vogonpoet the Basher (Human Hunter)                 Turns: 9531, Time: 00:45:25

HP  -4/69        AC 11     Str 12      XL: 10   Next: 20%
MP   9/9         EV  9     Int 14      God: Ashenzari [**....]
Gold 267         SH  9     Dex 15      Spells:  0 memorised,  9 levels left

Res.Fire  : . . .   See Invis. : .   s - +3 orc morningstar (venom)
Res.Cold  : . . .   Warding    : .   m - +2 dwarf ring mail (curse)
Life Prot.: . . .   Conserve   : .   o - -1 buckler (curse)
Res.Poison: +       Res.Corr.  : .   q - +2 helmet (curse)
Res.Elec. : .       Clarity    : .   (no cloak)
Sust.Abil.: . .     Spirit.Shd : .   (no gloves)
Res.Mut.  : +       Stasis     : .   (no boots)
Res.Rott. : .       Ctrl.Telep.: .   J - cursed amulet of resist mutation
Saprovore : . . .   Levitation : .   (no ring) Ctrl.Flight: .
                                     w - cursed ring of poison resistance

@: slowed, very slow, somewhat resistant to hostile enchantments, unstealthy
A: no striking features
a: Renounce Religion


You were on level 8 of the Dungeon.
You worshipped Ashenzari.
Ashenzari was most pleased with you.
You were not hungry.

You visited 2 branches of the dungeon, and saw 9 of its levels.
You also visited: Sewer and Ossuary.

You collected 277 gold pieces.
You spent 30 gold pieces at shops.

Inventory:

Hand weapons
 j - a +1,+1 short sword of freezing
 s - a +3,+3 orcish morningstar of venom (weapon)
 x - a +0,-1 whip of venom
Missiles
 c - 2 +0 throwing nets (quivered)
 g - 37 stones
 p - 35 darts
 L - 10 poisoned needles
Armour
 m - a cursed +2 dwarven ring mail (worn)
 o - a cursed -1 buckler (worn)
 q - a cursed +2 helmet (worn)
 y - a +0 elven leather armour of positive energy
 G - a +1 dwarven cloak
Magical devices
 a - a wand of cold (11) {unknown}
 O - a wand of digging (13) {unknown}
Comestibles
 f - a bread ration
 u - a meat ration
 I - a lemon
Scrolls
 k - 2 scrolls of teleportation
 l - a scroll of curse armour
 n - a scroll of blinking {unknown}
 r - 2 scrolls of recharging {unknown}
 B - a scroll of noise {unknown}
 C - 4 scrolls of fog
 E - a scroll of enchant weapon I
 H - 3 scrolls of identify
 K - a scroll of enchant armour
 N - a scroll of remove curse
Jewellery
 i - an uncursed ring of poison resistance
 w - a cursed ring of poison resistance (left hand)
 J - a cursed amulet of resist mutation (around neck)
Potions
 e - a potion of paralysis {unknown}
 h - a potion of speed {unknown}
 v - a potion of mutation {unknown}
 z - 5 potions of restore abilities
 A - a potion of berserk rage {unknown}
 D - 2 potions of might {unknown}
 M - 6 potions of curing
 S - 3 potions of heal wounds
Books
 d - a book of War Chants

   Spells                             Type                      Level
   Fire Brand                         Charms/Fire                  2
   Freezing Aura                      Charms/Ice                   2
   Shroud of Golubria                 Charms/Translocation         2
   Repel Missiles                     Charms/Air                   2
   Poison Weapon                      Charms/Poison                3
   Regeneration                       Charms/Necromancy            3
Magical staves
 t - a staff of energy


   Skills:
 - Level 2.8 Fighting
 - Level 1.0 Short Blades
 + Level 10.9 Maces & Flails
 - Level 4.0 Throwing
 - Level 4.1 Armour
 - Level 2.0 Dodging
 - Level 1.0 Stealth
 - Level 2.8(4.1) Shields
 - Level 3.3 Traps & Doors


You had 9 spell levels left.
You didn't know any spells.

Dungeon Overview and Level Annotations

Branches:
Dungeon (8/27)             Temple (1/1) D:5
    Orc: D:6-11        Lair: D:8-13

Altars:
Ashenzari
Cheibriados
Elyvilon
Fedhas
Kikubaaqudgha
Makhleb
Okawaru
Sif Muna
Trog
Vehumet
Xom
Yredelemnul
Zin
the Shining One

Shops:
D:5: /?

Portals:
Ziggurat: D:7 (3480 gp)

Annotations
D:8 Gastronok


Message History

Gastronok chants a spell, wobbling all the while.
Gastronok seems to move somewhat quicker.
You hit Gastronok but do no damage.
Gastronok looks even sicker.
Gastronok is heavily wounded.
You puncture Gastronok!
Gastronok is severely wounded.
Gastronok bites you!
You hit Gastronok but do no damage.
Gastronok is severely wounded.
You hit Gastronok.
Gastronok is severely wounded.
Gastronok looks at you while chanting.
You feel yourself slow down.
You hit Gastronok but do no damage.
Gastronok is severely wounded.
You sock Gastronok!
Gastronok is severely wounded.
Gastronok waves his eye-stalks in wide circles.
The air twists around and strikes you!
You die...

* * * # #.# , * .
#.# * *#.#(# *
#.###.#(#**,* ,
#.....#(. * * *
....(..(#####.##
*
...........jr...#
#######j########
#@....#.# ,*
#.......# * ,
#...#.#.# , ,*
#...#.#.# ,
####...#.#.## #
#...........# ,
#.#####......##
,, #........##..#
* ..........##..#


You could see Gastronok.

Vanquished Creatures
  The ghost of DEATHRAY the Bolt Thrower, an experienced OpHu of Nemelex Xobeh (D:7)
  The ghost of rymr the Insei, an average SEMo of Makhleb (D:4)
  A hippogriff (D:7)
  A sky beast (D:5)
  A phantom (D:4)
  2 ogres
  5 centaurs
  Duvessa (D:7)
  3 giant frogs (D:7)
  4 big kobolds (Sewer)
  A water moccasin (D:6)
  2 water moccasin zombies (Ossuary)
  2 big kobold zombies (Ossuary)
  A goliath beetle (D:6)
  A crimson imp (D:6)
  2 hounds
  Dowan (D:7)
  2 hound skeletons (D:6)
  3 orc wizards
  3 iguanas
  An orc priest (D:7)
  2 worker ants (D:5)
  6 jellies
  2 mummies (Ossuary)
  8 adders
  3 gnolls (D:6)
  3 green rats
  A human (D:3)
  An adder zombie (Ossuary)
  An adder skeleton (D:5)
  7 worms
  5 grey rats
  A giant eyeball (D:7)
  A giant gecko (D:5)
  A gnoll zombie (Ossuary)
  4 oozes
  12 orcs
  4 ball pythons
  4 giant cockroaches
  11 hobgoblins
  7 jackals
  14 bats
  A giant gecko skeleton (D:5)
  3 giant newts
  A giant spore (D:5)
  12 goblins
  7 hobgoblin zombies (Ossuary)
  A jackal skeleton (D:3)
  9 kobolds
  7 kobold zombies
  5 orc zombies (Ossuary)
  4 quokkas
  30 rats
  4 ballistomycetes (D:5)
221 creatures vanquished.

Vanquished Creatures (others)
  A rat (D:8)
  8 toadstools
9 creatures vanquished.

Grand Total: 230 creatures vanquished

Notes
Turn   | Place    | Note
--------------------------------------------------------------
     0 | D:1      | vogonpoet, the Human Hunter, began the quest for the Orb.
     0 | D:1      | Reached XP level 1. HP: 16/16 MP: 0/0
   111 | D:1      | Killed monsters: 0 trivial, 9 easy, 0 tough, 0 nasty; 6 corpses
   111 | D:1      | Reached XP level 2. HP: 17/22 MP: 1/1
   542 | D:1      | Reached skill level 1 in Armour
   865 | D:2      | Killed monsters: 10 trivial, 5 easy, 0 tough, 0 nasty; 7 corpses
   865 | D:2      | Reached XP level 3. HP: 28/28 MP: 2/2
  1702 | D:3      | Reached skill level 1 in Maces & Flails
  1872 | D:3      | Killed monsters: 7 trivial, 9 easy, 1 tough, 0 nasty; 4 corpses
  1872 | D:3      | Reached XP level 4. HP: 4/34 MP: 3/3
  2159 | D:3      | Found a basalt altar of Yredelemnul.
  2517 | D:3      | Killed monsters: 7 trivial, 3 easy, 1 tough, 0 nasty; 4 corpses
  2517 | D:3      | Reached XP level 5. HP: 26/39 MP: 4/4
  2782 | D:3      | Found a shimmering altar of Xom.
  3038 | D:4      | Noticed a phantom
  3090 | D:4      | Killed a phantom
  3090 | D:4      | Killed monsters: 6 trivial, 0 easy, 1 tough, 1 nasty; 2 corpses
  3090 | D:4      | Reached XP level 6. HP: 29/46 MP: 5/5
  3150 | D:4      | Noticed an ogre
  3161 | D:4      | Noticed rymr's ghost (average SEMo)
  3617 | D:4      | Killed rymr's ghost
  3617 | D:4      | Reached skill level 5 in Maces & Flails
  3617 | D:4      | Killed monsters: 7 trivial, 2 easy, 0 tough, 1 nasty; 6 corpses
  3617 | D:4      | Reached XP level 7. HP: 39/51 MP: 6/6
  4051 | D:4      | Killed an ogre
  4051 | D:4      | Reached skill level 6 in Maces & Flails
  4246 | D:4      | Found a glowing drain.
  4292 | Sewer    | Entered a sewer
  4430 | Sewer    | Killed monsters: 17 trivial, 3 easy, 4 tough, 0 nasty; 12 corpses
  4430 | Sewer    | Reached XP level 8. HP: 45/57 MP: 7/7
  4552 | Sewer    | Reached skill level 7 in Maces & Flails
  5108 | D:5      | Entered Level 5 of the Dungeon
  5124 | D:5      | Found Stret's Magic Scroll Boutique.
  5160 | D:5      | Bought a scroll of immolation for 10 gold pieces
  5163 | D:5      | Found Ysaschoiw's Magical Wand Emporium.
  5455 | D:5      | Found a staircase to the Ecumenical Temple.
  5476 | Temple   | Entered the Ecumenical Temple
  5699 | Temple   | Became a worshipper of Ashenzari the Shackled
  5920 | D:5      | Reached skill level 8 in Maces & Flails
  5990 | D:5      | Killed monsters: 21 trivial, 9 easy, 6 tough, 0 nasty; 18 corpses
  5990 | D:5      | Reached XP level 9. HP: 46/63 MP: 8/8
  6182 | D:5      | Reached skill level 9 in Maces & Flails
  6494 | D:5      | Bought a scroll of identify for 20 gold pieces
  7189 | D:6      | Found a burning altar of Makhleb.
  7558 | D:7      | Found a gateway to a ziggurat.
  7643 | D:7      | Found a sand-covered staircase.
  7654 | D:7      | Reached skill level 10 in Maces & Flails
  7665 | Ossuary  | Entered an ossuary
  7702 | Ossuary  | Reached skill level 1 in Shields
  7822 | Ossuary  | Reached skill level 1 in Traps & Doors
  7845 | Ossuary  | Acquired Ashenzari's first power
  8034 | D:7      | Noticed DEATHRAY's ghost (experienced OpHu)
  8304 | D:7      | Paralysed by a giant eyeball for 2 turns
  8330 | D:7      | Paralysed by a giant eyeball for 3 turns
  8612 | D:7      | Killed monsters: 45 trivial, 26 easy, 10 tough, 0 nasty; 20 corpses
  8612 | D:7      | Reached XP level 10. HP: 69/69 MP: 9/9
  8708 | D:7      | Noticed Duvessa
  8726 | D:7      | Killed Duvessa
  8797 | D:7      | Noticed Dowan
  8799 | D:7      | Killed Dowan
  8905 | D:7      | Killed DEATHRAY's ghost
  8982 | D:8      | Noticed Gastronok
  9531 | D:8      | Killed from afar by Gastronok
  9531 | D:8      | Killed monsters: 1 trivial, 1 easy, 2 tough, 1 nasty; 2 corpses
